 Dungeon Crawl Stone Soup version 0.23.0 (webtiles) character file.

Game seed: 15741269389107320940

325 Monsterracer the Cudgeler (level 6, 0/49 HPs)
             Began as a Mummy Chaos Knight on Feb 10, 2019.
             Was a Plaything of Xom.
             Slain by a centaur (8 damage)
             ... on level 6 of the Dungeon.
             The game lasted 00:02:56 (1483 turns).

Monsterracer the Cudgeler (Mummy Chaos Knight)      Turns: 1483, Time: 00:02:57

Health: 0/49       AC: 10    Str: 18    XL:     6   Next: 24%
Magic:  6/6        EV: 11    Int: 11    God:    Xom [..*...]
Gold:   128        SH:  0    Dex: 11    Spells: 5/5 levels left

rFire    x . .     SeeInvis .   a - +6 flail (curse)
rCold    + . .     Gourm    .   (no shield)
rNeg     + + +     Faith    .   b - +2 leather armour
rPois    ∞         Spirit   .   (no helmet)
rElec    .         Reflect  .   (no cloak)
rCorr    .         Harm     .   (no gloves)
MR       .....                  (no boots)
Stlth    +.........             (no amulet)
HPRegen  0.16/turn              c - +5 ring of protection
MPRegen  0.10/turn              i - +2 ring of slaying

@: no status effects
A: no food or potions, fire vulnerability, cold resistance 1, negative energy
resistance 3, torment resistance, unbreathing
a: Renounce Religion


You were on level 6 of the Dungeon.
You worshipped Xom.
You were a toy of Xom.
You were not hungry.

You visited 2 branches of the dungeon, and saw 6 of its levels.

You collected 128 gold pieces.

Inventory:

Hand Weapons
 a - a cursed +6 flail (weapon)
Armour
 b - a +2 leather armour (worn)
Jewellery
 c - a +5 ring of protection (left hand)
 i - a +2 ring of slaying (right hand)
Wands
 h - a wand of iceblast (8)
Scrolls
 d - 2 scrolls of noise
 e - a scroll of amnesia
 g - a scroll of fear {!r}
 p - a scroll of enchant weapon
 r - a scroll of remove curse
 t - a scroll of teleportation {!r}


   Skills:
 + Level 4.7 Fighting
 * Level 5.0 Maces & Flails
 - Level 1.5 Armour
 - Level 0.7 Dodging


You had 5 spell levels left.
You didn't know any spells.
Your spell library was empty.

Dungeon Overview and Level Annotations

Branches:
Dungeon (6/15)             Temple (1/1) D:6

Altars:


Innate Abilities, Weirdness & Mutations

You do not eat or drink.
Your flesh is vulnerable to fire.
You are immune to poison.
Your flesh is cold resistant. (rC+)
You are immune to negative energy. (rN+++)
You are immune to unholy pain and torment.
You can survive without breathing.


Message History

The jackal bites you but does no damage.
The jackal barely misses you. The jackal bites you.
You take 1 damage, and have 33/43 hp.
You hit the jackal but do no damage. You drain the jackal.
The jackal is severely wounded.
The jackal bites you but does no damage. x2
The jackal closely misses you.
You hit the jackal but do no damage.
The jackal is severely wounded.
Xom grants you a minor favour.
You feel much better.
The jackal bites you but does no damage.
The jackal misses you. The wight hits you but does no damage.
The jackal bites you but does no damage.
The jackal barely misses you. The wight closely misses you.
Health restored: 43 You hit the jackal but do no damage.
You drain the jackal.
You kill the jackal!
The jackal bites you but does no damage.
The wight hits you but does no damage.
You closely miss the jackal.
The jackal bites you but does no damage. x2
The wight barely misses you.
You hit the jackal. You freeze the jackal.
The jackal is severely wounded.
The jackal bites you. The wight closely misses you. The jackal misses you.
You take 1 damage, and have 42/43 hp.
You hit the jackal.
You kill the jackal!
The wight hits you but does no damage. "Go forth and cause havoc, mortal!"
You feel better.
Health restored: 43 The wight hits you but does no damage.
The wight closely misses you.
Xom titters.
The wight looks rather confused. x2
The wight hits the wight with a cursed +6 flail.
There is an open door here.
There is an open door here.
There is an open door here.
You see here an orc skeleton.
Xom smirks.
You detect nothing.
The wight completely misses you. The wight hits you but does no damage.
There is a stone staircase leading down here.
The wight completely misses you. The wight barely misses you.
You climb downwards.
There is a stone staircase leading up here.
Unknown command.
You hit the wight but do no damage.
The wight hits you with a cursed +6 flail.
You take 2 damage, and have 41/43 hp.
You thump the wight!
The wight is severely damaged.
The wight hits you with a cursed +6 flail!
You take 11 damage, and have 30/43 hp.
MASSIVE DAMAGE!!
You hit the wight.
The wight is almost destroyed.
The wight hits you but does no damage.
You hit the wight. You burn the wight.
You destroy the wight!
You have reached level 6!
Your experience leads to an increase in your attributes!
Increase (S)trength, (I)ntelligence, or (D)exterity?
You feel stronger.
A worker ant comes into view.
You regained 4 hp, and now have 34/49 hp.
MP restored: 6 A centaur comes into view.
There is a stone staircase leading up here.
Things that are here:
a cursed +6 flail; a +0 robe Drop what? 11/52 slots (_ for help) (? for menu, Esc to quit)
You are now empty-handed.
You drop a +0 mace of chaos.
The centaur shouts!
You stop training Maces & Flails.
a - a cursed +6 flail You resume training Maces & Flails.
Really wield
a - a cursed +6 flail?
It sticks to your hand!
a - a cursed +6 flail (weapon)
The centaur wields a +0 shortbow.
The centaur shoots an arrow.
The arrow hits you!
You take 7 damage, and have 28/49 hp.
You bludgeon the worker ant!!
You kill the worker ant!
Your Maces & Flails skill increases to level 5!
The centaur shoots an arrow.
The arrow hits you!
* * * LOW HITPOINT WARNING * * *
You take 12 damage, and have 16/49 hp.
MASSIVE DAMAGE!!
The centaur shoots an arrow.
The arrow hits you!
* * * LOW HITPOINT WARNING * * *
You see here an arrow.
You take 8 damage, and have 8/49 hp.
Unknown command.
The centaur unwields a +0 shortbow.
The centaur hits you!
You die...
Xom chuckles heartily!

#.#.#.....#
..........#
..........#
########.###
##### #...####
###.....
###....###...#
####..<.(#
###.(###
##@..#
#..c......)
#....##.#####
....##. ...
### #. ...# ##
..# ..# ..


You could see a centaur.

Vanquished Creatures
  A wight (D:6)
  A howler monkey (Temple)
  A crimson imp (D:5)
  A centaur zombie (D:5)
  A bullfrog zombie (D:5)
  A hound (D:5)
  An orc wizard (D:5)
  A worker ant (D:6)
  An adder (D:3)
  An ooze (D:5)
  An adder skeleton (D:6)
  3 dart slugs
  2 leopard geckos
  2 orcs (D:5)
  2 bats (D:1)
  4 giant cockroaches
  4 goblins
  3 hobgoblins
  6 jackals (D:5)
  A ball python (D:3)
  3 frilled lizards
  3 kobolds
  7 rats
51 creatures vanquished.

Notes
Turn   | Place    | Note
-------+----------+-------------------------------------------
     0 | D:1      | Monsterracer the Mummy Chaos Knight began the quest for the
                  | Orb.
     0 | D:1      | Reached XP level 1. HP: 18/18 MP: 1/1
    91 | D:1      | XOM: divination: detect creatures
   302 | D:1      | Reached XP level 2. HP: 24/24 MP: 2/2
   522 | D:2      | Reached skill level 3 in Maces & Flails
   531 | D:2      | XOM: potion effect (might)
   588 | D:2      | Reached XP level 3. HP: 24/29 MP: 3/3
   589 | D:2      | XOM: silly message
   764 | D:2      | You fall through a shaft!
   941 | D:3      | You fall through a shaft for 3 floors!
   941 | D:6      | Found a staircase to the Ecumenical Temple.
   947 | Temple   | Entered the Ecumenical Temple
   957 | Temple   | Reached XP level 4. HP: 31/37 MP: 4/4
  1099 | D:5      | Entered Level 5 of the Dungeon
  1105 | D:5      | Reached skill level 4 in Maces & Flails
  1132 | D:5      | Reached XP level 5. HP: 40/42 MP: 5/5
  1406 | D:5      | XOM: potion effect (heal wounds)
  1412 | D:5      | XOM: potion effect (curing)
  1417 | D:5      | XOM: confuse monster(s)
  1437 | D:5      | XOM: divination: detect creatures
  1474 | D:6      | Reached XP level 6. HP: 34/49 MP: 6/6
  1481 | D:6      | Reached skill level 5 in Maces & Flails
  1481 | D:6      | HP: 16/49 [centaur/arrow (13)]
  1483 | D:6      | Slain by a centaur

Skill      XL: |  1  2  3  4  5  6 |
---------------+-------------------+-----
Maces & Flails | 3 4 5 |  5.0
Fighting       | 4 |  4.7
Armour         | |  1.5
Dodging        | |  0.7

Action                   |  1- 3 |  4- 6 || total
-------------------------+-------+-------++-------
Melee: Mace              |    99 |    69 ||   168
       Flail             |       |     1 ||     1
  Use: Scroll            |       |     6 ||     6
 Stab: Petrifying        |     1 |       ||     1
       Petrified         |     1 |       ||     1
       Confused          |       |     1 ||     1
Armor: Leather armour    |    57 |    44 ||   101
Dodge: Dodged            |    94 |    54 ||   148

Levels and vault maps discovered:
D:1:      minmay_arrival_diagonal_passages, layout_basic
D:2:      layout_rooms, first_ration, uniq_natasha, uniq_jessica
D:3:      layout_loops_cross, uniq_ijyb, uniq_crazy_yiuf_cottage, uniq_grinder
D:5:      layout_gridville, makhleb_heckhound_becter
D:6:      layout_rooms, minmay_temple_entry_glass, okawaru_gym_becter
Temple:   roderic_octagonal_lattice_temple
